Map: Frost LE

Players

RotterdaM - Winner!

  • Race: Protoss Protoss
  • League: Master
  • Spawn Location: 1:00

IIIIIIIIIIII

  • Race: Terran Terran
  • League: Grandmaster
  • Spawn Location: 5:00

VOD

Have the link to the VOD?

Description

Time

  • Played on: Sept. 19, 2016, 4:30 p.m.
  • Length: 9:16
Show
View Real Time Build Order
Export as new Build Order

RotterdaM Protoss - Winner!

Build Orders: 1 Gate Expand, Double Forge, Blink Stalkers 

Get SALT Encoding   

  12  0:01  Probe (Chrono Boost)  
  13  0:11  Probe (Chrono Boost)  
  14  0:18  Pylon  
  14  0:22  Probe (Chrono Boost)  
  15  0:36  Probe (Chrono Boost)  
  15  0:37  Gateway  
  16  0:44  Assimilator  
  16  0:46  Probe (Chrono Boost)  
  18  0:57  Probe (Chrono Boost)  
  18  1:07  Probe (Chrono Boost)  
  19  1:18  Probe (Chrono Boost)  
  20  1:24  Cybernetics Core  
  20  1:36  Nexus  
  20  1:39  Probe (Chrono Boost)  
  21  1:47  Pylon  
  21  1:50  Probe (Chrono Boost)  
  22  1:56  Assimilator  
  22  2:00  Probe (Chrono Boost)  
  23  2:05  Stalker (Chrono Boost)  
  23  2:08  Warp Gate  
  25  2:11  Probe  
  26  2:23  Probe (Chrono Boost)  
  26  2:26  Pylon  
  27  2:31  Stalker (Chrono Boost)  
  27  2:35  Probe (Chrono Boost)  
  30  2:46  Probe (Chrono Boost), Twilight Council  
  30  2:50  Probe (Chrono Boost)  
  32  2:57  Probe (Chrono Boost)  
  33  3:01  Probe (Chrono Boost)  
  33  3:03  Assimilator  
  34  3:07  Probe (Chrono Boost)  
  34  3:11  Probe (Chrono Boost)  
  36  3:18  Probe (Chrono Boost)  
  37  3:22  Probe (Chrono Boost)  
  38  3:28  Probe (Chrono Boost), Blink (Chrono Boost)  
  38  3:30  Probe (Chrono Boost)  
  40  3:37  Robotics Facility  
  40  3:40  Probe  
  40  3:41  Probe  
  41  3:46  Stalker  
  44  3:51  Probe  
  44  3:52  Probe  
  44  3:54  Pylon  
  46  4:02  Probe  
  46  4:04  Probe, Gateway  
  48  4:10  Gateway  
  48  4:13  Probe  
  50  4:19  Mothership Core  
  50  4:23  Probe  
  51  4:25  Observer  
  51  4:26  Forge  
  51  4:29  Forge  
  53  4:33  Stalker  
  53  4:34  Probe  
  56  4:39  Pylon  
  56  4:47  Observer  
  56  4:48  Probe  
  56  4:49  Pylon  
  58  4:58  Nexus  
  58  4:59  Pylon  
  58  5:08  Observer  
  58  5:10  Stalker  
  58  5:13  Stalker  
  63  5:15  Charge (Chrono Boost)  
  63  5:18  Probe, Stalker  
  63  5:20  Probe  
  67  5:34  Probe, Stalker  
  66  5:36  Probe  
  66  5:39  Observer  
  69  5:45  Probe  
  69  5:48  Probe  
  69  5:54  Zealot x2  
  69  5:55  Probe  
  69  6:02  Zealot  
  69  6:03  Probe  
  69  6:07  Probe  
  69  6:09  Pylon  
  69  6:11  Protoss Ground Armor Level 1 (Chrono Boost), Protoss Ground Weapons Level 1 (Chrono Boost)  
  70  6:12  Pylon  
  70  6:15  Probe  
  71  6:18  Probe, Gateway x2  
  71  6:19  Probe, Gateway  
  71  6:21  Gateway  
  71  6:24  Gateway  
  73  6:29  Probe  
  73  6:30  Probe  
  75  6:34  Zealot, Pylon, Sentry  
  75  6:38  Zealot  
  81  6:50  Gateway  
  81  6:51  Gateway  
  81  6:55  Pylon  
  81  6:59  Stalker x3  
  81  7:01  Warp Prism  
  87  7:06  Pylon  
  89  7:16  Zealot  
  89  7:17  Zealot x2  
  94  7:26  Zealot x2  
  94  7:27  Zealot x3  
  104  7:43  Zealot x2  
  104  7:44  Zealot  
  110  7:48  Stalker x2  
  110  7:49  Stalker x4  
  122  7:53  Zealot  
  121  8:06  Stalker  
  121  8:07  Stalker x2  
  121  8:11  Zealot  
  121  8:12  Zealot x4  
  135  8:13  Zealot  
  139  8:27  Pylon  
  139  8:28  Pylon  
  117  8:51  Zealot x6  
  117  8:52  Zealot x4  
  119  9:00  Probe x3  
  120  9:08  Nexus  
  114  9:11  Pylon  
  114  9:15  Pylon  
Show
View Real Time Build Order
Export as new Build Order

IIIIIIIIIIII Terran 

Build Orders: Reaper Expand, MMM Bio 

Get SALT Encoding   

  12  0:01  SCV  
  13  0:13  SCV  
  14  0:18  Supply Depot  
  14  0:25  SCV  
  15  0:40  SCV  
  16  0:44  Barracks  
  16  0:47  Refinery  
  16  0:52  SCV  
  17  1:04  SCV  
  18  1:16  SCV  
  19  1:32  Reaper, Orbital Command  
  20  1:42  Command Center  
  20  1:54  Barracks  
  20  1:57  SCV  
  21  2:09  Barracks Reactor  
  21  2:11  SCV  
  21  2:15  Supply Depot  
  22  2:23  SCV  
  22  2:26  Factory  
  23  2:36  SCV  
  24  2:40  Refinery  
  24  2:42  Barracks Tech Lab  
  24  2:45  Marine x2  
  24  2:49  SCV  
  27  2:59  Orbital Command  
  27  3:01  Marine  
  27  3:03  Marine x2  
  30  3:10  Stimpack  
  30  3:12  SCV  
  31  3:20  Marine  
  31  3:22  Marine  
  31  3:23  Marine  
  31  3:24  SCV x2  
  36  3:36  SCV, Starport  
  36  3:37  SCV  
  36  3:40  Factory Reactor  
  38  3:42  Marine  
  38  3:43  Marine  
  38  3:45  Marine  
  38  3:48  SCV  
  42  3:51  SCV  
  42  3:52  Supply Depot  
  43  4:00  SCV, Supply Depot  
  43  4:01  Marine  
  45  4:03  SCV  
  46  4:14  SCV, Marine  
  46  4:15  SCV, Marine  
  49  4:21  Marine  
  50  4:26  SCV  
  50  4:27  Engineering Bay  
  50  4:28  SCV  
  50  4:29  Medivac x2  
  56  4:36  Barracks  
  56  4:37  Refinery  
  56  4:38  SCV  
  57  4:40  Marauder  
  57  4:41  Marine  
  57  4:43  SCV  
  61  4:48  Marine  
  62  4:53  Supply Depot  
  62  4:58  Supply Depot  
  62  5:10  Terran Infantry Weapons Level 1  
  62  5:14  SCV x2, Marine x2  
  62  5:15  Marine  
  67  5:23  Command Center  
  67  5:26  SCV x2  
  66  5:34  Marauder  
  66  5:35  Medivac x2  
  70  5:38  SCV x2  
  70  5:42  Combat Shields  
  72  5:43  Barracks Tech Lab, Refinery  
  68  5:50  SCV x2  
  70  5:59  Marauder, Marine  
  70  6:03  SCV  
  66  6:05  Medivac, Marine  
  66  6:06  Marauder, SCV  
  69  6:15  SCV  
  71  6:18  SCV  
  71  6:19  Barracks x2  
  71  6:20  Marine  
  71  6:24  Concussive Shells  
  71  6:25  Marine  
  74  6:26  Liberator  
  74  6:29  Liberator, SCV  
  74  6:30  SCV  
  74  6:32  Marauder  
  79  6:35  Marauder  
  81  6:40  Orbital Command  
  85  6:48  Widow Mine  
  85  6:49  Marine x2  
  85  6:51  SCV  
  85  6:54  SCV  
  91  6:59  Marauder  
  91  7:00  Starport  
  93  7:04  SCV  
  93  7:07  SCV  
  93  7:08  Barracks Tech Lab, SCV, Fusion Core  
  96  7:09  Barracks Reactor  
  96  7:11  Refinery  
  96  7:14  Marauder, Marine  
  99  7:16  SCV  
  99  7:20  SCV  
  101  7:26  Liberator  
  101  7:30  Supply Depot, Refinery  
  101  7:32  Supply Depot  
  101  7:36  Supply Depot  
  101  7:37  Missile Turret, Supply Depot  
  101  7:40  Starport Tech Lab  
  101  7:43  Marine x2, SCV, Widow Mine  
  109  7:45  Liberator  
  109  7:46  Liberator  
  109  7:52  Marauder x3, Marine x2  
  109  7:55  Missile Turret  
  109  7:56  Missile Turret  
  117  8:00  SCV  
  117  8:01  SCV, Marine  
  124  8:07  Marine  
  124  8:11  Widow Mine  
  126  8:15  Marauder, Marine x4  
  126  8:16  Supply Depot  
  126  8:19  Marine  
  133  8:20  Supply Depot  
  133  8:30  Marine  
  133  8:33  Marauder, Marine  
  133  8:34  Marauder, Marine  
  140  8:39  Marine  
  140  8:40  Marauder  
  134  8:48  Marine  
  115  8:50  Marine  
  115  8:51  Marine  
  115  8:55  Marauder  
  92  8:57  Marine  
  78  9:02  SCV  
Tags
 
Add a new tag
Caveats
  • Supply blocks, unpowered buildings, or Contaminate may cause inaccurate times.
  • Supply counts are checked every 10 seconds.